 Dungeon Crawl Stone Soup version 0.28.0-53-g5a82cb258f (webtiles) character file.

Game seed: 12856373547277386076

100 mrburnz the Cudgeller (level 4, -3/61 HPs)
             Began as a Minotaur Berserker on May 25, 2022.
             Was a Believer of Trog.
             Slain by a gnoll
             ... wielding a +0 halberd
              (12 damage)
             ... on level 3 of the Dungeon.
             The game lasted 00:05:03 (2283 turns).

mrburnz the Cudgeller (Minotaur Berserker)          Turns: 2283, Time: 00:05:03

Health: -3/61      AC:  2    Str: 23    XL:     4   Next: 47%
Magic:  3/3        EV: 12    Int:  4    God:    Trog [**....]
Gold:   99         SH:  0    Dex: 10    Spells: 3/3 levels left

rFire   . . .      SeeInvis .   a - +0 mace
rCold   . . .      Faith    .   (no shield)
rNeg    . . .      Spirit   .   b - +0 animal skin
rPois   .          Reflect  .   (helmet restricted)
rElec   .          Harm     .   (no cloak)
rCorr   .          Rampage  .   (no gloves)
Will    .....                   (no boots)
Stlth   ..........              (no amulet)
HPRegen 0.20/turn               (no ring)
MPRegen 0.08/turn               (no ring)

@: berserking, very quick
A: horns 2, retaliatory headbutt
a: Renounce Religion, Berserk, Trog's Hand


You were on level 3 of the Dungeon.
You worshipped Trog.
Trog was pleased with you.
You visited 1 branch of the dungeon, and saw 3 of its levels.

You collected 99 gold pieces.

Inventory:

Hand Weapons
 a - a +0 mace (weapon)
Armour
 b - a +0 animal skin (worn)
Scrolls
 c - a scroll of silence {unknown}
 f - a scroll of fear {unknown}
 i - a scroll of vulnerability {unknown}
 j - a scroll of brand weapon {unknown}
 m - a scroll of identify {unknown}
 n - a scroll of fog {unknown}
Potions
 d - 3 potions of magic {unknown}
 e - a potion of brilliance {unknown}
 g - a potion of heal wounds
 h - a potion of berserk rage {unknown}
 k - a potion of might {unknown}
 l - 2 potions of degeneration {unknown}


   Skills:
 + Level 4.5 Fighting
 + Level 5.2 Maces & Flails
 * Level 3.2 Armour
 - Level 2.2 Dodging
 + Level 0.1 Stealth


You had 3 spell levels left.
You didn't know any spells.
Your spell library was empty.

Dungeon Overview and Level Annotations

Branches:
Dungeon (3/15)

Altars:


Innate Abilities, Weirdness & Mutations

You have a pair of horns on your head.
You reflexively headbutt those who attack you in melee.


Message History

You now have 99 gold pieces (gained 17).
Found a stone staircase leading up.
Found a robe.
Found 16 sling bullets.
n - a scroll labelled HOOTES USAMEQ A gnoll comes into view.
It is wielding a +0 halberd.
The gnoll shouts!
You hear a shout! x2
A bat comes into view.
There are monsters nearby!
A gnoll comes into view. It is wielding a +0 flail.
The gnoll shouts!
The bat hits you. x2
A gnoll comes into view. It is wielding a +3 whip of holy wrath.
A gnoll comes into view. It is wielding a +0 halberd.
The gnoll shouts!
The bat misses you.
You thump the bat!
You kill the bat!
Trog accepts your kill.
The gnoll hits you from afar with a +0 halberd.
The gnoll misses you.
Unknown command.
You see here a bat corpse.
The gnoll barely misses you.
There are monsters nearby!
The gnoll misses you.
You closely miss the gnoll.
You headbutt the gnoll, but do no damage.
The gnoll hits you with a +0 halberd! x2
* * * LOW HITPOINT WARNING * * *
A red film seems to cover your vision as you go berserk!
You feel yourself moving faster!
You feel mighty!
The gnoll hits you from afar with a +0 halberd!
* * * LOW HITPOINT WARNING * * *
The gnoll barely misses you.
You sock the gnoll!
You kill the gnoll!
Trog accepts your kill.
The gnoll hits you from afar with a +0 halberd!
You die...

###....# ......# #g...#
#...# ####..##...
#.#g.##.... #8...
#.g†##(....
##.....##)###......
########8.....8#@#.#.....
.......##.....##.#....#
#####..##8...8##.#...###
...#...# ##>## #.......#
##.#...###########.###.####
#.#.............#.#.......
#.#................[#
#.#.............#.........
#.#.............#####.###.


You could see 2 gnolls.

Vanquished Creatures
  Robin (D:2)
  A gnoll (D:3)
  2 adders (D:2)
  5 dart slugs
  A ball python (D:2)
  4 endoplasms
  2 giant cockroaches
  14 goblins
  10 hobgoblins
  3 quokkas
  4 bats
  6 frilled lizards
  3 kobolds
  3 rats
59 creatures vanquished.

Notes
Turn   | Place    | Note
-------+----------+-------------------------------------------
     0 | D:1      | mrburnz the Minotaur Berserker began the quest for the Orb.
     0 | D:1      | Reached XP level 1. HP: 19/19 MP: 0/0
   135 | D:1      | Reached XP level 2. HP: 22/27 MP: 1/1
   215 | D:1      | Reached skill level 4 in Maces & Flails
   794 | D:1      | Reached ** piety under Trog
   795 | D:1      | Reached XP level 3. HP: 33/33 MP: 2/2
  1646 | D:2      | Noticed Robin
  1663 | D:2      | Reached XP level 4. HP: 17/41 MP: 3/3
  1667 | D:2      | Killed Robin
  1668 | D:2      | Reached skill level 5 in Maces & Flails
  2283 | D:3      | Slain by a gnoll

Illustrated notes

Levels and vault maps discovered:
D:1:      psy_arrival_whirlpool, layout_loops_ring
D:2:      layout_loops_cross, uniq_robin
D:3:      layout_basic, nicolae_overflow_hidden_temple,
          nicolae_overflow_crystal_walls, mrwooster_statue_mirror,
          nrook_mini_backslash, kennysheep_another_room, st_stairs_2,
          grunt_decor_resistance, minmay_three_crescents

Skill      XL: |  1  2  3  4 |
---------------+-------------+-----
Maces & Flails | 4 5 |  5.2
Fighting       | 4 |  4.5
Armour         | 3 |  3.2
Dodging        | |  2.2
Stealth        | |  0.1

Action                   |  1- 3 |  4- 6 || total
-------------------------+-------+-------++-------
Melee: Mace              |    97 |    27 ||   124
       Headbutt          |    12 |     4 ||    16
       Punch             |       |     1 ||     1
Invok: Berserk           |     1 |     1 ||     2
  Use: Potion            |       |     1 ||     1
 Stab: Sleeping          |       |     2 ||     2
Armor: Animal skin       |    21 |     7 ||    28
Dodge: Dodged            |    68 |    23 ||    91
